[Event "Late-Titled-Tuesday-Blitz-October-24-2023"]
[Site "Chess.com"]
[Date "2023.10.24"]
[Round "11"]
[White "falzehope0"]
[Black "santosalberto1987"]
[Result "0-1"]
[WhiteElo "2311"]
[BlackElo "2415"]
[TimeControl "180+1"]
[EndTime "16:05:31 PDT"]
[Termination "santosalberto1987 won by resignation"]

1. d4 d5 2. e3 Nf6 3. Bd3 Bg4 4. Ne2 Nbd7 5. f4 e6 6. Nd2 Bd6 7. O-O c5 8. c3 O-O 9. Nf3 Ne4 10. Bxe4 dxe4 11.
Ng5 Nf6 12. Qe1 h6 13. Nh3 Bxh3 14. gxh3 cxd4 15. exd4 Nd5 16. Ng3 f5 17. Ne2 b5 18. a3 a5 19. Kh1 a4 20. Rg1 Kh7 21.
Qg3 g5 22. Rg2 Rg8 23. Qf2 gxf4 24. Rxg8 Qxg8 25. Bxf4 Nxf4 26. Nxf4 Bxf4 27. Qxf4 Ra7 28. d5 Qg5 29. Qxg5 hxg5 30. d6 Rd7 31. Rd1 Kg6 32. Kg2 Kf6 33. Kg3 Ke5 34. h4 gxh4+ 35. Kxh4 Rxd6 36.
Rxd6 Kxd6 37. Kg3 Ke5 38. h4 Kf6 39. Kf4 e5+ 40. Ke3 Kg6 41. Kf2 Kh5 42. Kg3 f4+ 43. Kh3 e3 44. c4 bxc4 45. Kg2 Kxh4 46. Kf3 Kg5 47. Ke2 e4 48. Kf1 f3 49. Ke1 Kf4 50.
Kf1 e2+ 51. Kf2 e3+ 52. Ke1 Ke4 53. b4 Kd3 0-1

[Event "Late-Titled-Tuesday-Blitz-October-24-2023"]
[Site "Chess.com"]
[Date "2023.10.24"]
[Round "11"]
[White "R2D2PTY"]
[Black "ExchangeAB"]
[Result "1-0"]
[WhiteElo "2309"]
[BlackElo "2465"]
[TimeControl "180+1"]
[EndTime "16:05:31 PDT"]
[Termination "R2D2PTY won by checkmate"]

1. e4 c6 2. d4 d5 3. f3 g6 4. c3 Bg7 5. Na3 dxe4 6. fxe4 Nf6 7. Bd3 e5 8. Ne2 O-O 9. O-O h6 10. Nc4 exd4 11. cxd4 Bg4 12. e5 Nd5 13. Nd6 c5 14. Qb3 Be6 15. Bc4 Nc7 16. d5 Bxe5 17. Nxb7 Qh4 18.
g3 Qe4 19. dxe6 Nc6 20. exf7+ Kg7 21. Qe3 Qg4 22. Qxh6# 1-0

[Event "Late-Titled-Tuesday-Blitz-October-24-2023"]
[Site "Chess.com"]
[Date "2023.10.24"]
[Round "11"]
[White "campochess"]
[Black "talaicito"]
[Result "0-1"]
[WhiteElo "2193"]
[BlackElo "2212"]
[TimeControl "180+1"]
[EndTime "16:05:34 PDT"]
[Termination "talaicito won by resignation"]

1. d4 e6 2. Nf3 f5 3. c4 Nf6 4. Nc3 Bb4 5. Bg5 h6 6. Bxf6 Qxf6 7. e3 d6 8. Be2 O-O 9. O-O Bxc3 10.
bxc3 Nc6 11. Rb1 e5 12. Nd2 f4 13. d5 Na5 14. e4 b6 15. f3 g5 16. Nb3 Nb7 17. a4 a5 18. Na1 Bd7 19. Rb2 h5 20. Ra2 Nc5 21. Qc2 Qg6 22. Bd1 g4 23. fxg4 hxg4 24.
g3 fxg3 25. hxg3 Rxf1+ 26. Kxf1 Rf8+ 27. Kg1 Qh6 28. Qe2 Qh3 29. Qg2 Nxe4 30. Qxh3 gxh3 31. Kh2 Nxc3 32. Rd2 Nxd1 33. Rxd1 Rf2+ 34. Kh1 Rb2 35. Rc1 Bxa4 0-1

[Event "Late-Titled-Tuesday-Blitz-October-24-2023"]
[Site "Chess.com"]
[Date "2023.10.24"]
[Round "11"]
[White "Veleamater"]
[Black "lluiss"]
[Result "1-0"]
[WhiteElo "2311"]
[BlackElo "2198"]
[TimeControl "180+1"]
[EndTime "16:05:35 PDT"]
[Termination "Veleamater won by resignation"]

1. g3 d5 2. Bg2 Nf6 3. d3 g6 4. Nf3 Bg7 5. O-O O-O 6. Nc3 c5 7. e4 Nc6 8. h3 h6 9. Bf4 Be6 10. Ne5 Rc8 11. Nxc6 Rxc6 12. g4 Rc8 13. f3 d4 14. Ne2 Nd7 15. b3 Kh7 16. Bd2 Ne5 17. f4 Nc6 18. f5 Bd7 19. g5 h5 20. Ng3 Be5 21. Nxh5 gxh5 22. Qxh5+ Kg8 23. a3 Be8 24. h4 Bg7 25. e5 Nxe5 26. Be4 Ng6 27. fxg6 fxg6 28.
Rxf8+ Kxf8 29. Rf1+ Kg8 30. Bxg6 Bxg6 31. Qxg6 Qd5 32.
h5 Qd6 33. Qxd6 exd6 34. h6 Be5 35. g6 Rf8 36. Rxf8+ Kxf8 37. Kg2 Ke7 38. Kf3 Kf6 39. g7 Kf7 40. Kg4 Bxg7 41. hxg7 Kxg7 42. Bf4 d5 43. Bd6 c4 44. Be5+ Kf7 45. Bxd4 b5 46. Bxa7 Ke6 47. Kf4 Kd6 48. d4 1-0

[Event "Late-Titled-Tuesday-Blitz-October-24-2023"]
[Site "Chess.com"]
[Date "2023.10.24"]
[Round "11"]
[White "SanchezKelvin"]
[Black "hblanco"]
[Result "0-1"]
[WhiteElo "2560"]
[BlackElo "2724"]
[TimeControl "180+1"]
[EndTime "16:05:36 PDT"]
[Termination "hblanco won on time"]

1. e4 c5 2. Nf3 Nc6 3. d4 cxd4 4.
Nxd4 g6 5. Nc3 Bg7 6. Be3 Nf6 7. Bc4 Qa5 8. Nb3 Qb4 9. Bd3 Nxe4 10.
Bxe4 Bxc3+ 11. bxc3 Qxe4 12. O-O O-O 13. Re1 Qc4 14.
Qd2 d6 15. Bh6 Re8 16. Qxd6 Qxc3 17. Rad1 Bf5 18. Qc7 b6 19. Re3 Qc4 20. c3 Rac8 21. Qg3 Qg4 22. Qxg4 Bxg4 23. Rd2 Be6 24. f3 Bxb3 25.
axb3 Rc7 26. Bf4 e5 27. Bg3 f6 28. Red3 Kf7 29. h4 h6 30. Rd6 Re6 31. Rd7+ Re7 32. R7d6 g5 33. hxg5 hxg5 34. Bf2 Na5 35. Rb2 Rxc3 36.
Be1 Rxb3 37. Ra2 Rb1 38. Kf2 Nc4 39. Rd3 b5 40. Rd8 a5 41. Bxa5 Ra7 0-1

[Event "Late-Titled-Tuesday-Blitz-October-24-2023"]
[Site "Chess.com"]
[Date "2023.10.24"]
[Round "11"]
[White "Bauman_Guy"]
[Black "FedaMaster"]
[Result "1-0"]
[WhiteElo "2918"]
[BlackElo "2686"]
[TimeControl "180+1"]
[EndTime "16:05:37 PDT"]
[Termination "Bauman_Guy won by resignation"]

1. e4 d5 2. exd5 Qxd5 3. Nc3 Qd6 4. d4 Nf6 5. Nf3 Bg4 6. h3 Bh5 7. g3 Nc6 8. Bg2 O-O-O 9. Be3 e5 10. dxe5 Nxe5 11. Qxd6 Bxd6 12. g4 Nxf3+ 13. Bxf3 Bg6 14. O-O-O a6 15. Nd5 Be4 16. Bxe4 Nxe4 17. f3 Ng3 18. Rhe1 Rhe8 19. c4 c6 20. Nb6+ Kb8 21. Kc2 Bc7 22.
Rxd8+ Rxd8 23. Bf2 Bf4 24. Bc5 Rd2+ 25. Kb1 Re2 26.
Rd1 Rd2 27. Rxd2 Bxd2 28. Bd6+ Ka7 29. Nc8+ Ka8 30. Bxg3 Be1 31. Bxe1 1-0

[Event "Late-Titled-Tuesday-Blitz-October-24-2023"]
[Site "Chess.com"]
[Date "2023.10.24"]
[Round "11"]
[White "Deeper44"]
[Black "UK_23"]
[Result "1-0"]
[WhiteElo "2547"]
[BlackElo "2400"]
[TimeControl "180+1"]
[EndTime "16:05:39 PDT"]
[Termination "Deeper44 won by resignation"]

1. d4 d5 2. c4 e6 3. Nf3 Nf6 4. g3 Be7 5. Bg2 O-O 6. Qc2 c6 7.
O-O b6 8. b3 Bb7 9. a4 a5 10.
Ne5 Nfd7 11. Nc3 Nxe5 12. dxe5 Na6 13. Rd1 Qc7 14. Bb2 Nb4 15. Qd2 Rac8 16. Rac1 Qb8 17.
cxd5 cxd5 18. e4 d4 19. Qxd4 Bc5 20. Qd2 Rfd8 21. Qe2 Ba6 22. Nb5 h6 23. Rxd8+ Rxd8 24. Rd1 Rxd1+ 25. Qxd1 Bxb5 26. axb5 Qe8 27. Bf1 Qa8 28.
Bg2 Qe8 29. Qe2 Qd7 30. Bf1 Bd4 31. Qd2 Nd3 32. Qxd3 1-0

[Event "Late-Titled-Tuesday-Blitz-October-24-2023"]
[Site "Chess.com"]
[Date "2023.10.24"]
[Round "11"]
[White "shimastream"]
[Black "Krakozia"]
[Result "0-1"]
[WhiteElo "2972"]
[BlackElo "2959"]
[TimeControl "180+1"]
[EndTime "16:05:42 PDT"]
[Termination "Krakozia won on time"]

1. d4 Nf6 2. Bg5 d5 3. Nd2 c5 4. dxc5 e6 5. e4 Bxc5 6. Qe2 dxe4 7. O-O-O Be7 8. Nxe4 Qc7 9. Nf3 Nc6 10. Kb1 Bd7 11. Nxf6+ gxf6 12. Be3 e5 13. Nh4 O-O-O 14. g4 Be6 15. Bg2 Qa5 16. a3 Bxa3 17. bxa3 Qxa3 18. c4 Qb3+ 19. Ka1 Bxc4 20. Rxd8+ Rxd8 21. Qb2 Qa4+ 22. Kb1 Rd3 23. Bxc6 bxc6 0-1

[Event "Late-Titled-Tuesday-Blitz-October-24-2023"]
[Site "Chess.com"]
[Date "2023.10.24"]
[Round "11"]
[White "koncheto"]
[Black "IlanSchnaider"]
[Result "1-0"]
[WhiteElo "2586"]
[BlackElo "2731"]
[TimeControl "180+1"]
[EndTime "16:05:43 PDT"]
[Termination "koncheto won by resignation"]

1. e4 e5 2. Nf3 Nc6 3. Bc4 Nf6 4. d3 Bc5 5. O-O d6 6. c3 a6 7. Bb3 Ba7 8. Nbd2 h6 9. Nc4 O-O 10. Re1 Be6 11. Be3 Qd7 12. Bxa7 Rxa7 13. d4 exd4 14.
Nxd4 Bxc4 15. Bxc4 Ne5 16. Bb3 g6 17. f4 Nc6 18. Kh1 Re8 19. Nxc6 bxc6 20. Qd4 Nh5 21. Qxa7 c5 22. Rf1 Nf6 23. e5 Qc6 24. exf6 Ra8 25.
Ba4 Qe4 26. Rae1 Qxe1 27. Qxa8+ Qe8 28. Qxe8+ 1-0

[Event "Late-Titled-Tuesday-Blitz-October-24-2023"]
[Site "Chess.com"]
[Date "2023.10.24"]
[Round "11"]
[White "ejalmedina"]
[Black "Kombinator01"]
[Result "0-1"]
[WhiteElo "2305"]
[BlackElo "2419"]
[TimeControl "180+1"]
[EndTime "16:05:45 PDT"]
[Termination "Kombinator01 won on time"]

1. e4 e5 2. Nf3 Nf6 3. d3 d6 4. g3 g6 5. Bg2 Bg7 6. O-O O-O 7. Re1 Nc6 8. c3 Ne8 9. d4 f5 10. Bg5 Qd7 11. exf5 Qxf5 12. dxe5 Nxe5 13. Nxe5 Qxf2+ 14. Kh1 Bxe5 15. Nd2 Be6 16. Nf3 Bh3 17. Bxh3 Qxf3+ 18. Qxf3 Rxf3 19. Bg2 Rf2 20. Bxb7 Rb8 21. Bd5+ Kg7 22.
Be3 Rfxb2 23. Bxa7 R8b5 24. c4 Ra5 25. Bd4 Bxd4 26. Rxe8 Rd2 27. Re7+ Kh6 28. Rf1 Raxa2 0-1

[Event "Late-Titled-Tuesday-Blitz-October-24-2023"]
[Site "Chess.com"]
[Date "2023.10.24"]
[Round "11"]
[White "giomar27"]
[Black "TheMagician"]
[Result "0-1"]
[WhiteElo "2352"]
[BlackElo "2195"]
[TimeControl "180+1"]
[EndTime "16:05:45 PDT"]
[Termination "TheMagician won by resignation"]

1. b3 b6 2. Bb2 Bb7 3. Nf3 e6 4. g3 Bxf3 5. exf3 c5 6. Bg2 Nc6 7. f4 Rc8 8. O-O Nf6 9. d3 g6 10. Nd2 Bg7 11. Ne4 d5 12. Ng5 O-O 13. Re1 Ne8 14. Bxg7 Nxg7 15. h3 Qf6 16. Qd2 Nd4 17. h4 a5 18. a4 h6 19. Nf3 Nxf3+ 20. Bxf3 Nf5 21. Kg2 Nd4 22. Re5 Nc6 23. Ree1 Nd4 24. h5 g5 25. c3 Nxb3 26. fxg5 hxg5 27. Qc2 Nxa1 28. Rxa1 b5 29. axb5 Ra8 30. Rh1 a4 31. h6 a3 32. c4 a2 33. h7+ Kh8 34. cxd5 a1=Q 35. Rxa1 Rxa1 36. d6 Qd4 37. b6 Qxd6 38. b7 Rb8 39. Qc4 Qd4 40. Qc2 Ra3 41. Be4 f5 42. Bf3 Rxd3 43. Qe2 Rxf3 44. Qe3 Qxe3 0-1

[Event "Late-Titled-Tuesday-Blitz-October-24-2023"]
[Site "Chess.com"]
[Date "2023.10.24"]
[Round "11"]
[White "HouseOfDurin"]
[Black "dianamirza"]
[Result "1-0"]
[WhiteElo "2299"]
[BlackElo "2016"]
[TimeControl "180+1"]
[EndTime "16:05:50 PDT"]
[Termination "HouseOfDurin won by resignation"]

1. d4 Nf6 2. Bg5 c6 3. Bxf6 gxf6 4. c4 d5 5. cxd5 cxd5 6. Nc3 e5 7. dxe5 fxe5 8.
Qxd5 Qxd5 9. Nxd5 Na6 10. e4 Bd6 11. O-O-O Be6 12. Bb5+ Kf8 13. Bxa6 bxa6 14. Kb1 Rb8 15. Ne2 Ba3 16. Rd2 Kg7 17. Rc1 Rhd8 18. Ka1 Bf8 19. Nec3 Kg6 20. Rcd1 Bh6 21. Ne7+ Kf6 22.
Rxd8 Rxd8 23. Rxd8 Kxe7 24. Ra8 Bf4 25. Rxa7+ Kf6 26. Nd5+ Bxd5 27. exd5 Bxh2 28. Rxa6+ Ke7 29. Rh6 Bg1 30. f3 f6 31. d6+ Kxd6 32. Rxf6+ 1-0

[Event "Late-Titled-Tuesday-Blitz-October-24-2023"]
[Site "Chess.com"]
[Date "2023.10.24"]
[Round "11"]
[White "SpeedofLight0"]
[Black "dennisodessa"]
[Result "1-0"]
[WhiteElo "2957"]
[BlackElo "2576"]
[TimeControl "180+1"]
[EndTime "16:05:56 PDT"]
[Termination "SpeedofLight0 won by resignation"]

1. d4 Nf6 2. b3 d5 3. Nf3 Bf5 4. e3 h6 5. c4 c6 6. Be2 Nbd7 7. O-O e6 8. Nc3 Bd6 9. a4 O-O 10. Ba3 Bxa3 11. Rxa3 Qe7 12. Ra1 dxc4 13. Bxc4 e5 14. Re1 Ne4 15. Qd3 Nd6 16. e4 Bh7 17. Re2 Nxc4 18. Qxc4 exd4 19. Qxd4 Rfd8 20. Qe3 Nc5 21.
Nd4 Rxd4 22. Qxd4 Nxb3 23. Qd1 Nxa1 24. Qxa1 Rd8 25. h3 Qe5 26. Qc1 Rd3 27. Re3 Qd4 28. Rxd3 Qxd3 29. f3 f5 30. exf5 Bxf5 31. Qb2 Qd4+ 32.
Kh1 a5 33. Qb3+ Kh7 34. Ne2 Qb4 35. Qf7 Bg6 36. Qd7 Qxa4 37. Kh2 Qb5 38. Nd4 Qe5+ 39.
Kh1 a4 40. Ne6 Bf7 41. Qxf7 1-0

[Event "Late-Titled-Tuesday-Blitz-October-24-2023"]
[Site "Chess.com"]
[Date "2023.10.24"]
[Round "11"]
[White "HamedWafa4"]
[Black "mind1mover"]
[Result "0-1"]
[WhiteElo "2629"]
[BlackElo "2804"]
[TimeControl "180+1"]
[EndTime "16:06:07 PDT"]
[Termination "mind1mover won on time"]

1. e4 Nc6 2. Nf3 d6 3. d4 Nf6 4. Nc3 g6 5. h3 a6 6. Be2 Bg7 7. O-O O-O 8. Be3 b5 9. a3 Bb7 10. Qd2 Re8 11. Rfe1 e6 12. Bd3 Nd7 13. a4 b4 14. Ne2 a5 15. Ng3 e5 16. d5 Ne7 17. h4 Rf8 18. Bh6 Nc5 19. Bxg7 Kxg7 20. h5 h6 21. Nh2 Ng8 22. Qe2 Qh4 23. Nf3 Qf4 24. Nh2 Bc8 25. Qf3 Nf6 26. hxg6 fxg6 27. Qe3 Qxe3 28. Rxe3 Bd7 29. b3 Rf7 30. f3 h5 31. Nhf1 h4 32. Nh1 Nh5 33. Nf2 Nf4 34.
Bc4 g5 35. Nh2 Raf8 36. Nhg4 h3 37. gxh3 Bxg4 38. fxg4 Nxd5 39. exd5 Rxf2 40. Re2 R2f3 41. Kg2 Nd7 42. Rae1 Nb6 0-1

[Event "Late-Titled-Tuesday-Blitz-October-24-2023"]
[Site "Chess.com"]
[Date "2023.10.24"]
[Round "11"]
[White "katharinareinecke"]
[Black "protectiago"]
[Result "0-1"]
[WhiteElo "1884"]
[BlackElo "2052"]
[TimeControl "180+1"]
[EndTime "16:06:07 PDT"]
[Termination "protectiago won by checkmate"]

1. d4 Nf6 2. c4 g6 3. Nf3 Bg7 4.
g3 O-O 5. Bg2 c6 6. O-O d5 7.
Nc3 Be6 8. cxd5 Nxd5 9. e4 Nxc3 10. bxc3 Qd7 11. a4 Bh3 12. Ba3 Bxg2 13. Kxg2 Rd8 14.
Rb1 Qc7 15. Qb3 b6 16. a5 b5 17. Bb4 Na6 18. Rfd1 c5 19. dxc5 Nxc5 20. Bxc5 Qxc5 21. Rxd8+ Rxd8 22. Qxb5 Qxc3 23. a6 Rd3 24. Ne1 Rd8 25. Qb7 Bd4 26. Qxe7 Rf8 27. Rb7 Qxe1 28. e5 Qxf2+ 29.
Kh3 Qf5+ 30. Kg2 Bxe5 31. Rxa7 g5 32. Rb7 Qe4+ 33. Kf1 Qf3+ 34. Ke1 Bc3# 0-1

[Event "Late-Titled-Tuesday-Blitz-October-24-2023"]
[Site "Chess.com"]
[Date "2023.10.24"]
[Round "11"]
[White "Gogolev_Artemy"]
[Black "meoluoi91"]
[Result "1-0"]
[WhiteElo "2450"]
[BlackElo "2590"]
[TimeControl "180+1"]
[EndTime "16:06:12 PDT"]
[Termination "Gogolev_Artemy won by resignation"]

1. d4 d5 2. Nf3 Nf6 3. c4 c6 4.
Qc2 g6 5. Bf4 dxc4 6. Qxc4 Bf5 7. Nc3 Bg7 8. e3 Qa5 9. Be2 b5 10. Qb3 b4 11. Na4 Be6 12. Qd1 Nd5 13. O-O Nxf4 14.
exf4 Nd7 15. Ne5 Nxe5 16. dxe5 O-O 17. b3 c5 18. Rc1 Rac8 19. Bc4 Rfd8 20. Qe2 Bxc4 21.
Rxc4 e6 22. Rfc1 Bf8 23. h4 h5 24. g4 hxg4 25. Qxg4 Kg7 26. h5 Rc6 27. hxg6 fxg6 28.
Qg5 Rd5 29. Qf6+ Kg8 30. Qxg6+ Kh8 31. Kg2 Bg7 32. Qe8+ Kh7 33. Rh1+ Bh6 34. Qf7+ 1-0

[Event "Late-Titled-Tuesday-Blitz-October-24-2023"]
[Site "Chess.com"]
[Date "2023.10.24"]
[Round "11"]
[White "Giorno"]
[Black "Nikita_Klepikov"]
[Result "1-0"]
[WhiteElo "2545"]
[BlackElo "2357"]
[TimeControl "180+1"]
[EndTime "16:06:12 PDT"]
[Termination "Giorno won on time"]

1. Nf3 Nf6 2. g3 g6 3. b3 Bg7 4. Bb2 O-O 5. Bg2 d5 6. O-O c5 7.
e3 Nc6 8. d3 Qd6 9. Nbd2 e5 10.
e4 Be6 11. exd5 Bxd5 12. Re1 Rfe8 13. Nc4 Bxc4 14. bxc4 Rab8 15. Nd2 Nd4 16. Ne4 Nxe4 17. Bxe4 f5 18. Bd5+ Kh8 19. Bxd4 cxd4 20. a4 a6 21. Rb1 b5 22. axb5 axb5 23. Qf3 bxc4 24. Bxc4 Rxb1 25. Rxb1 e4 26. dxe4 fxe4 27. Qf7 Rf8 28. Qe6 Qc5 29. Qd5 Qxd5 30. Bxd5 e3 31. f4 g5 32. fxg5 d3 33. cxd3 Bd4 34. Kg2 Rf2+ 35. Kh3 Kg7 36. Rb7+ Kg6 37.
Kg4 e2 38. Be4+ 1-0

[Event "Late-Titled-Tuesday-Blitz-October-24-2023"]
[Site "Chess.com"]
[Date "2023.10.24"]
[Round "11"]
[White "NMJeevanK"]
[Black "mbojan"]
[Result "1-0"]
[WhiteElo "2599"]
[BlackElo "2742"]
[TimeControl "180+1"]
[EndTime "16:06:19 PDT"]
[Termination "NMJeevanK won by checkmate"]

1. e4 g6 2. d4 Bg7 3. Nc3 d6 4. Be3 a6 5. g4 Nd7 6. h4 h5 7. gxh5 Rxh5 8. Bg2 Ngf6 9. Bf3 Rh8 10. Qd2 Nh5 11. O-O-O e5 12. Bg5 f6 13. Be3 c6 14.
Nge2 Qe7 15. Ng3 Nf4 16. h5 Nf8 17. Rdg1 g5 18. Bxf4 gxf4 19. h6 fxg3 20. Bh5+ Kd8 21. hxg7 Qxg7 22. dxe5 fxe5 23. Qxd6+ Bd7 24. Kb1 Qe7 25.
Qxe7+ Kxe7 26. fxg3 Ne6 27. Bg6 Ng5 28. b3 Rxh1 29.
Rxh1 Rg8 30. Bf5 Bxf5 31. exf5 Kf6 32. g4 e4 33. Rh6+ Ke5 34. Ne2 e3 35. c4 Ne4 36.
Re6# 1-0

[Event "Late-Titled-Tuesday-Blitz-October-24-2023"]
[Site "Chess.com"]
[Date "2023.10.24"]
[Round "11"]
[White "Ykow"]
[Black "sergiochess83"]
[Result "0-1"]
[WhiteElo "2582"]
[BlackElo "2885"]
[TimeControl "180+1"]
[EndTime "16:06:27 PDT"]
[Termination "sergiochess83 won by resignation"]

1. e4 e6 2. d4 d5 3. exd5 exd5 4. Nf3 Nc6 5. Bb5 Bd6 6. c4 dxc4 7. d5 a6 8. Bxc4 Nce7 9. Nc3 Nf6 10. Bg5 Bf5 11. O-O Qd7 12. Re1 O-O-O 13. Rc1 Kb8 14. Qb3 Ka8 15.
Nb5 Nc8 16. Nbd4 Rde8 17. Bxa6 bxa6 18. Qc4 Na7 19. Qxa6 Rxe1+ 20. Rxe1 Nxd5 21. Qa5 Bb4 22. Qa6 Bxe1 23. Ne5 Nb4 24. Qc4 Qd5 25. Qxc7 Rc8 26. Qb6 Qxe5 27. Be3 Bxf2+ 28. Kxf2 Qxe3+ 29. Kxe3 Nd5+ 0-1

[Event "Late-Titled-Tuesday-Blitz-October-24-2023"]
[Site "Chess.com"]
[Date "2023.10.24"]
[Round "11"]
[White "Inepton_Fermion"]
[Black "The_Straightforward_Rook"]
[Result "1-0"]
[WhiteElo "2392"]
[BlackElo "2555"]
[TimeControl "180+1"]
[EndTime "16:06:28 PDT"]
[Termination "Inepton_Fermion won by checkmate"]

1. Nf3 Nf6 2. b3 d5 3. Bb2 c5 4. e3 g6 5. c4 e6 6. cxd5 exd5 7. d4 cxd4 8. Nxd4 Bg7 9. Nc3 O-O 10. Be2 Nc6 11. O-O Re8 12. Nxc6 bxc6 13. Rc1 Bd7 14. Na4 Ne4 15. Bxg7 Kxg7 16. Ba6 Rb8 17. Qd4+ Kg8 18. Bd3 Nd6 19. Qxa7 h5 20. Qd4 Qg5 21. h4 Qe7 22. Nc5 Bc8 23. a4 Ne4 24. Bxe4 dxe4 25.
Rfd1 Qxh4 26. Qd6 Bg4 27. Rd4 Qg5 28. Nxe4 Rxe4 29. Rxe4 Bf3 30. Qxb8+ Kg7 31. Qe5+ Qxe5 32. Rxe5 Kf6 33. Rec5 Bd5 34. Rxd5 cxd5 35. a5 Ke5 36. a6 Ke4 37. a7 Kd3 38. a8=Q Kd2 39. Qc6 Kd3 40.
Qc2# 1-0

[Event "Late-Titled-Tuesday-Blitz-October-24-2023"]
[Site "Chess.com"]
[Date "2023.10.24"]
[Round "11"]
[White "hellokostya"]
[Black "egnfanclub"]
[Result "1-0"]
[WhiteElo "2599"]
[BlackElo "2396"]
[TimeControl "180+1"]
[EndTime "16:06:30 PDT"]
[Termination "hellokostya won by resignation"]

1. Nf3 Nf6 2. c4 c5 3. b3 Nc6 4. Bb2 e6 5. g3 d5 6. cxd5 exd5 7. Bg2 Be7 8. O-O O-O 9. d4 b6 10. Nc3 Ba6 11. Re1 c4 12. bxc4 Bxc4 13. a4 Bb4 14. Ne5 Nxe5 15. dxe5 Ne4 16. Qc2 Nxc3 17.
Bxc3 Bxc3 18. Qxc3 Rc8 19. Qd4 Qe7 20. f4 Rc5 21. f5 Re8 22. e4 dxe4 23. Rxe4 Rd8 24. Qe3 Bd5 25. Rd4 Bxg2 26. Rxd8+ Qxd8 27. Kxg2 Qd5+ 28. Kh3 Qxe5 29. Qxe5 Rxe5 30. Rc1 Re8 31. Rc7 Ra8 32.
Kg4 h6 33. Kf4 Kf8 34. Rb7 Rc8 35. Rxa7 Rc4+ 36. Ke5 Rc5+ 37. Ke4 Ra5 38. Rxa5 bxa5 39. Kd5 Ke7 40. Kc5 Kd7 41. Kb5 Kd6 42. Kxa5 Kc5 43. g4 g6 44. fxg6 fxg6 45. h4 h5 46. g5 Kc6 47. Kb4 Kb6 48. Kc4 Kc6 49. Kd4 1-0

[Event "Late-Titled-Tuesday-Blitz-October-24-2023"]
[Site "Chess.com"]
[Date "2023.10.24"]
[Round "11"]
[White "DefiantChair"]
[Black "TigrVShlyape"]
[Result "0-1"]
[WhiteElo "2685"]
[BlackElo "2838"]
[TimeControl "180+1"]
[EndTime "16:06:31 PDT"]
[Termination "TigrVShlyape won by checkmate"]

1. e4 c5 2. Nf3 e6 3. d4 cxd4 4. Nxd4 a6 5. c4 Nf6 6. Nc3 d6 7. Be2 b6 8. O-O Bb7 9. f3 Nbd7 10. Be3 Rg8 11. Qd2 h6 12. a4 g5 13. a5 bxa5 14. Nb3 Rb8 15. Nxa5 Ba8 16. b4 Rxb4 17. Nb5 d5 18. Nd4 Bc5 19. cxd5 exd5 20. Rfc1 Qb6 21. Rxc5 Nxc5 22. Nc2 Rb1+ 23. Rxb1 Qxb1+ 24. Bf1 Ncd7 25. Qc3 Qb8 26. e5 Nxe5 27. Bd4 Nfd7 28.
Bxa6 Rg6 29. Bf1 Kf8 30. Ne3 Kg8 31. Nf5 Re6 32. Nb3 Bc6 33. g3 Bb5 34. Bg2 Bc4 35. Nd2 Qa8 36. f4 gxf4 37. gxf4 Nd3 38. Nf3 Qb8 39. Bh8 Qb1+ 40. Bf1 Rg6+ 41. Ng3 Nxf4 42. Bd4 Qxf1# 0-1

[Event "Late-Titled-Tuesday-Blitz-October-24-2023"]
[Site "Chess.com"]
[Date "2023.10.24"]
[Round "11"]
[White "Bala-Afiada"]
[Black "Miguelitro69"]
[Result "0-1"]
[WhiteElo "1859"]
[BlackElo "2273"]
[TimeControl "180+1"]
[EndTime "16:06:31 PDT"]
[Termination "Miguelitro69 won by resignation"]

1. d4 d5 2. c4 e6 3. Nf3 Nf6 4. g3 Bd6 5. Bg2 c6 6. O-O Nbd7 7. Nbd2 O-O 8. Qc2 e5 9. dxe5 Nxe5 10. cxd5 Nxd5 11. e4 Nb4 12. Qb1 Nbd3 13. Nxe5 Bxe5 14.
Nc4 Nxc1 15. Qxc1 Bc7 16. Rd1 Qe7 17. Qc2 Be6 18. Ne3 Rfd8 19. Rxd8+ Rxd8 20. Rd1 Bb6 21. Nf5 Qb4 22. Rxd8+ Bxd8 23. Qc3 Qxc3 24. bxc3 Bxa2 25. Nd6 Bf6 26. Nxb7 Bxc3 27. Nc5 Bd4 28. Nd7 a5 29. Kf1 a4 30. Ke1 Bb3 31. e5 a3 0-1

[Event "Late-Titled-Tuesday-Blitz-October-24-2023"]
[Site "Chess.com"]
[Date "2023.10.24"]
[Round "11"]
[White "Duhless"]
[Black "Angry_Twin"]
[Result "1/2-1/2"]
[WhiteElo "3114"]
[BlackElo "2963"]
[TimeControl "180+1"]
[EndTime "16:06:32 PDT"]
[Termination "Game drawn by repetition"]

1. d4 Nf6 2. Nf3 d5 3. c4 e6 4. g3 Bb4+ 5. Nc3 O-O 6. Bg2 dxc4 7. O-O Nc6 8. Qa4 Rb8 9. Qb5 Bxc3 10. bxc3 Qd5 11.
a4 a6 12. Qb1 Qd7 13. e4 h6 14. g4 b5 15. g5 hxg5 16. e5 Nh7 17. Nxg5 Nxg5 18. Bxg5 Bb7 19. f4 Ne7 20. Bxe7 Qxe7 21. Bxb7 Rxb7 22. Qe4 Rfb8 23. axb5 axb5 24. f5 exf5 25.
Rxf5 b4 26. cxb4 Rxb4 27. Raf1 c3 28. Rxf7 Qxf7 29. Rxf7 Kxf7 30. Qf5+ Kg8 31. e6 c2 32. Qf7+ Kh8 33. Qh5+ Kg8 34. Qf7+ Kh8 35. Qh5+ Kg8 36. Qf7+ 1/2-1/2

[Event "Late-Titled-Tuesday-Blitz-October-24-2023"]
[Site "Chess.com"]
[Date "2023.10.24"]
[Round "11"]
[White "Freeeeeeeeeeeeeeeeee"]
[Black "Eloist"]
[Result "0-1"]
[WhiteElo "2075"]
[BlackElo "2447"]
[TimeControl "180+1"]
[EndTime "16:06:33 PDT"]
[Termination "Eloist won on time"]

1. Nc3 d5 2. Nf3 d4 3. Ne4 Bf5 4. Ng3 Bg6 5. h4 h6 6. h5 Bh7 7.
e4 e6 8. Bc4 c5 9. d3 Nc6 10.
Bb5 Qa5+ 11. Bd2 Qxb5 12. b3 Bd6 13. Ne2 Nf6 14. a4 Qb6 15. a5 Qc7 16. Nh4 Nxh5 17. g3 O-O 18. f4 Nxg3 19. Nxg3 Bxf4 20. Ne2 Bxd2+ 21. Qxd2 f5 22. Rg1 f4 23. Nf3 Ne5 24.
Nxe5 Qxe5 25. O-O-O f3 26. Ng3 f2 27. Rg2 Rf3 28. Nf1 Qf4 29. Qxf4 Rxf4 30. Rd2 Raf8 31.
Kd1 e5 32. Rh2 R8f6 33. Ke2 Bxe4 34. dxe4 Rxe4+ 35. Kd3 Re1 36. Rh1 e4+ 37. Kc4 e3 38. Rd3 e2 0-1

[Event "Late-Titled-Tuesday-Blitz-October-24-2023"]
[Site "Chess.com"]
[Date "2023.10.24"]
[Round "11"]
[White "Lion-Al-Messi"]
[Black "ChuckPhil"]
[Result "1-0"]
[WhiteElo "2654"]
[BlackElo "2527"]
[TimeControl "180+1"]
[EndTime "16:06:36 PDT"]
[Termination "Lion-Al-Messi won by checkmate"]

1. e4 c6 2. Nf3 d5 3. Nc3 Bg4 4.
h3 Bxf3 5. Qxf3 e6 6. Be2 Nd7 7. O-O Bc5 8. Rd1 Bd4 9. Qf4 Qb6 10. Na4 Qa5 11. exd5 Qxa4 12. dxe6 fxe6 13. c3 e5 14.
Qh4 Ngf6 15. cxd4 exd4 16. b3 Qb4 17. Bh5+ g6 18. Re1+ Kf7 19. Bf3 Rae8 20. Bb2 Rxe1+ 21. Rxe1 Qxd2 22. Re2 Qb4 23. Bxd4 Qd6 24. Bc3 Re8 25. Rxe8 Kxe8 26. Qh6 Kf7 27. g3 Ne5 28. Be2 Qd5 29. Qf4 Ke6 30. Bc4 Nxc4 31. Qxf6+ Kd7 32. bxc4 Qd1+ 33. Kg2 Qc2 34. Qf7+ Kd6 35. Bb4+ c5 36. Qd5+ Ke7 37. Bxc5+ Kf6 38. Qd6+ Kg5 39. h4+ Kh6 40. Qf8+ Kh5 41. g4+ Kxh4 42. Be7+ Kxg4 43. Qf3# 1-0

[Event "Late-Titled-Tuesday-Blitz-October-24-2023"]
[Site "Chess.com"]
[Date "2023.10.24"]
[Round "11"]
[White "GiorgianBarbosa"]
[Black "GianmarcoVaR"]
[Result "0-1"]
[WhiteElo "2436"]
[BlackElo "2667"]
[TimeControl "180+1"]
[EndTime "16:06:37 PDT"]
[Termination "GianmarcoVaR won by resignation"]

1. d4 Nf6 2. Nf3 d5 3. Bf4 e6 4.
e3 Bd6 5. Bg3 O-O 6. c3 c5 7.
Bd3 Qc7 8. Nbd2 Nbd7 9. O-O e5 10. dxe5 Nxe5 11. Nxe5 Bxe5 12. Bxe5 Qxe5 13. Nf3 Qe7 14. h3 b6 15. Qc2 Bd7 16. Rfe1 Bc6 17. a4 Rfd8 18. a5 b5 19. b4 c4 20. Be2 a6 21. Nd4 Bb7 22. Bf3 g6 23. g3 Rd6 24. h4 Rad8 25. Kg2 h5 26. Rad1 Qe5 27. Rd2 Ne4 28. Rdd1 Bc8 29. Ne2 Qf5 30. Bxe4 dxe4 31. Rxd6 Rxd6 32. Nf4 Rd3 33. Nxd3 Qf3+ 34. Kg1 exd3 35. Qd1 Qf6 36. e4 Qxc3 37. e5 Bg4 38. f3 Bxf3 0-1